AoeStats
← FC_Jp173

Arena

510633830Analyzed
1v1 RM · 1d ago on Oct 1, 2026· 22m 50s· 2 players
Game mode
Random Map
Map size
Tiny (2 player)
Population
200
Speed
Normal
Resources
Standard
Victory
Conquest
Starting age
Dark Age
Ending age
Imperial Age
RankedLock teamsTeams togetherTeam positionsShared explorationLock speedFull tech treeHidden civsTurbo modeCheats
Victory
Defeat
🇨🇴 Turks · Colombia
979
+18
🇨🇦 Byzantines · Canada
1014
-18
FC_Jp173
11:53 Feudal Age
16:10 Castle Age
13:58 Double-Bit Axe
13:55 Horse Collar
14:34 Gold Mining
20:35 Imperial Age
Saddu_Stoic
10:28 Feudal Age
9:57 Loom
14:36 Castle Age
12:38 Double-Bit Axe
12:38 Horse Collar
18:18 Wheelbarrow
18:27 Scale Barding Armor
18:50 Forging
Connection lost

Rejoining the realm…

Still unreachable

The connection could not be restored.

Session expired

The server has moved on; the page needs a fresh start.